 Dungeon Crawl Stone Soup version 0.22.1-1-ga44c0e56f4 (webtiles) character file.

3127 Peloso the Carver (level 9, 0/79 HPs)
             Began as a Minotaur Fighter on Nov 5, 2018.
             Was an Elder of Okawaru.
             Slain by an orc
             ... wielding a +0 mace
              (7 damage)
             ... on level 8 of the Dungeon.
             The game lasted 00:14:03 (6835 turns).

Peloso the Carver (Minotaur Fighter)                Turns: 6835, Time: 00:14:03

Health: 0/79       AC: 12    Str: 22    XL:     9   Next: 61%
Magic:  0/0        EV:  8    Int:  9    God:    Okawaru [****..]
Gold:   313        SH: 11    Dex: 14    Spells: 8/8 levels left

rFire    + . .     SeeInvis .   a - +0 long sword
rCold    . . .     Gourm    .   c - +0 shield
rNeg     . . .     Faith    .   g - +0 chain mail
rPois    +         Spirit   +   (helmet restricted)
rElec    .         Reflect  .   (no cloak)
rCorr    .         Harm     .   r - +0 pair of gloves
MR       .....     Rnd*Tele +   (no boots)
Stlth    ..........             q - amulet of guardian spirit
HPRegen  0.23/turn              M - ring of Xizas {rPois rF+ MP-9 Int+4 Dex+2}
MPRegen  0.07/turn              E - ring of teleportation (curse)

@: no status effects
A: retaliatory headbutt, horns 2
a: Heroism, Renounce Religion


You were on level 8 of the Dungeon.
You worshipped Okawaru.
Okawaru was greatly pleased with you.
You were not hungry.

You visited 1 branch of the dungeon, and saw 8 of its levels.

You collected 313 gold pieces.

Inventory:

Hand Weapons
 a - a +0 long sword (weapon)
 d - a +1 dagger of flaming
Armour
 b - a +0 scale mail
 c - a +0 shield (worn)
 g - a +0 chain mail (worn)
 r - a +0 pair of gloves (worn)
Jewellery
 h - an uncursed ring of flight
 q - an amulet of guardian spirit (around neck)
 t - an uncursed ring of ice
 E - a cursed ring of teleportation (right hand)
 I - an uncursed amulet of harm
 M - the ring of Xizas (left hand) {rPois rF+ MP-9 Int+4 Dex+2}
   (You found it on level 7 of the Dungeon)

   [ring of poison resistance]

   It affects your intelligence (+4).
   It affects your dexterity (+2).
   It protects you from fire.
   It protects you from poison.
   It affects your magic capacity (-9).
Wands
 y - a wand of flame (16)
 F - a wand of scattershot (4)
 J - a wand of enslavement (21)
 K - a wand of iceblast (10)
 N - a wand of paralysis (18)
Scrolls
 e - 2 scrolls of magic mapping
 i - 6 scrolls of remove curse
 j - 3 scrolls of enchant weapon {unknown}
 m - a scroll of enchant armour {unknown}
 p - 2 scrolls of noise {unknown}
 w - a scroll of immolation {unknown}
 x - 2 scrolls of teleportation {unknown}
 B - a scroll of blinking
 D - a scroll of random uselessness {unknown}
 L - 2 scrolls of amnesia {unknown}
Potions
 k - a potion of haste
 l - 2 potions of magic
 n - 3 potions of might
 o - a potion of flight
 s - a potion of ambrosia
 u - a potion of resistance
 v - a potion of invisibility
 z - a potion of curing
 A - 5 potions of heal wounds
 C - 3 potions of cancellation {unknown}
 H - a potion of berserk rage
Comestibles
 f - 17 rations
 G - 2 chunks of flesh


   Skills:
 + Level 7.4 Fighting
 + Level 10.4 Long Blades
 + Level 8.1 Armour
 + Level 2.2 Dodging
 + Level 1.5 Stealth
 + Level 7.8 Shields
 + Level 0.7 Evocations


You had 8 spell levels left.
You didn't know any spells.
Your spell library contained the following spells:

 Spells                   Type           Power        Failure   Level  Hunger
 Sting                    Conj/Pois      #...         100%        1    ##.....
 Poisonous Vapours        Pois/Air       #.....       100%        2    ###....
 Mephitic Cloud           Conj/Pois/Air  #.......     100%        3    ####...
 Olgreb's Toxic Radiance  Pois           #.......     100%        4    #####..
 Venom Bolt               Conj/Pois      #.........   100%        5    ######.


Dungeon Overview and Level Annotations

Branches:
Dungeon (8/15)             Temple (0/1) D:4
   Lair: D:8-11

Altars:
Ashenzari
Gozag
Okawaru
Wu Jian
The Shining One

Shops:
D:6 =   D:8 *

Annotations:
D:6 3 runed doors, Cykl0x's ghost, novice GrFi


Innate Abilities, Weirdness & Mutations

You reflexively headbutt those who attack you in melee.
You have a pair of horns on your head.


Message History

The orc warrior hits you with a scimitar!
The orc hits you with a mace.
You closely miss the orc warrior. You headbutt the orc warrior!
The orc warrior is almost dead.
You block the orc warrior's attack. You block the orc's attack.
The centaur shouts!
You hit the orc warrior but do no damage.
The orc warrior is almost dead.
The orc warrior hits you with a scimitar!!
You block the orc's attack.
You hit the orc warrior but do no damage.
Your headbutt misses the orc warrior.
The orc warrior is almost dead.
The orc warrior hits you with a scimitar!!
* * * LOW HITPOINT WARNING * * *
You hit the orc warrior.
You kill the orc warrior!
Okawaru accepts your kill. The orc hits you with a mace!
You die...

..c....≈.⌠.⌠.≈# ...)...≈.....≈#
.......≈≈...≈≈# ##
#.......≈._.≈.# #. .....c.≈...≈.#
#. #..o≈≈.≈≈.## #> #.#oa.....c#
#. #.####.###o### ###. #.#
#{.a@...## ##... #.# #######..#
##..#. # #.# ##.# #####..###
##### #.# ##.###.....##
....####.# ###..†...#####
###...##.########...#.#### ###
....#.............###..########..
###.........###...#.....[........
####..###..##.###.....######...


You could see a centaur, a worker ant and an orc.

Vanquished Creatures
  Pikel (D:6)
  A hippogriff (D:8)
  Sigmund (D:2)
  A wyvern (D:8)
  2 orc warriors
  A phantom (D:4)
  An ice beast (D:7)
  4 ogres
  A centaur (D:6)
  A bullfrog (D:6)
  5 killer bees (D:4)
  A howler monkey (D:4)
  5 crimson imps
  A jelly (D:7)
  5 orc priests
  2 bullfrog skeletons
  A hound (D:4)
  A gnoll shaman (D:8)
  4 iguanas
  6 worker ants
  3 orc wizards (D:4)
  A hound skeleton (D:5)
  5 gnolls (D:8)
  A river rat (D:4)
  5 adders
  A shadow imp (D:6)
  An ooze (D:2)
  3 adder skeletons
  7 worms
  3 dart slugs
  5 leopard geckos
  27 orcs
  6 giant cockroaches
  6 goblins
  6 hobgoblins
  14 jackals
  11 kobolds
  2 quokkas
  3 ball pythons
  14 bats
  7 frilled lizards
  A jackal skeleton (D:5)
  A leopard gecko zombie (D:7)
  2 quokka skeletons
  10 rats
190 creatures vanquished.

Vanquished Creatures (others)
  A slave (D:8)
  A centaur skeleton (D:6)
  A worker ant (D:6)
3 creatures vanquished.

Grand Total: 193 creatures vanquished

Notes
Turn   | Place    | Note
-------+----------+-------------------------------------------
     0 | D:1      | Peloso the Minotaur Fighter began the quest for the Orb.
     0 | D:1      | Reached XP level 1. HP: 19/19 MP: 0/0
   223 | D:1      | Reached XP level 2. HP: 27/27 MP: 1/1
   362 | D:1      | Found a shattered altar of Ashenzari.
   429 | D:1      | Reached skill level 3 in Long Blades
   434 | D:1      | Reached XP level 3. HP: 33/33 MP: 2/2
   722 | D:2      | Found an iron altar of Okawaru.
   743 | D:2      | Reached XP level 4. HP: 17/40 MP: 3/3
   756 | D:2      | Became a worshipper of Warmaster Okawaru
  1405 | D:2      | Found a glowing golden altar of the Shining One.
  1423 | D:2      | Noticed Sigmund
  1455 | D:2      | Killed Sigmund
  1455 | D:2      | Reached skill level 5 in Long Blades
  1455 | D:2      | Reached skill level 5 in Armour
  1455 | D:2      | Reached XP level 5. HP: 15/47 MP: 4/4
  1689 | D:2      | Reached * piety under Okawaru
  1737 | D:2      | Reached XP level 6. HP: 53/53 MP: 5/5
  2204 | D:3      | Found an ornate altar of the Wu Jian Council.
  2578 | D:4      | Reached skill level 5 in Fighting
  2578 | D:4      | Reached skill level 5 in Shields
  2627 | D:4      | Reached skill level 1 in Dodging
  2629 | D:4      | Reached skill level 1 in Stealth
  2629 | D:4      | Reached XP level 7. HP: 35/61 MP: 3/6
  2634 | D:4      | Reached skill level 6 in Long Blades
  2641 | D:4      | Reached ** piety under Okawaru
  2656 | D:4      | HP: 3/61 [poisoned by a killer bee]
  2661 | D:4      | HP: 2/61 [poisoned by a killer bee]
  2668 | D:4      | HP: 1/61 [poisoned by a killer bee]
  2676 | D:4      | HP: 1/61 [poisoned by a killer bee]
  3334 | D:4      | Reached skill level 7 in Long Blades
  3411 | D:4      | Found a staircase to the Ecumenical Temple.
  3443 | D:5      | Entered Level 5 of the Dungeon
  3553 | D:5      | Reached XP level 8. HP: 45/70 MP: 7/7
  4660 | D:4      | Reached skill level 8 in Long Blades
  4982 | D:6      | Noticed Pikel
  5013 | D:6      | Killed Pikel
  5013 | D:6      | Reached *** piety under Okawaru
  5013 | D:6      | Reached skill level 9 in Long Blades
  5025 | D:6      | Found Nyoroarch's Jewellery Emporium.
  5188 | D:6      | Noticed Cykl0x's ghost (novice GrFi)
  5355 | D:6      | Found a runed gate.
  5355 | D:6      | Found a runed gate.
  5355 | D:6      | Found a runed gate.
  5401 | D:6      | Reached XP level 9. HP: 68/78 MP: 8/8
  5684 | D:7      | Got a glittering ivory ring
  6280 | D:7      | Identified the ring of Xizas {rPois rF+ MP-9 Int+4 Dex+2}
                  | (You found it on level 7 of the Dungeon)
  6313 | D:8      | Reached **** piety under Okawaru
  6344 | D:7      | Reached skill level 10 in Long Blades
  6800 | D:8      | Found an opulent altar of Gozag.
  6804 | D:8      | Found Gozag's Platinum Reserve.
  6835 | D:8      | Slain by an orc

Skill      XL: |  1  2  3  4  5  6  7  8  9 |
---------------+----------------------------+-----
Fighting       | 4 5 6 7 |  7.4
Armour         | 4 5 6 7 8 |  8.1
Shields        | 4 5 6 7 |  7.8
Long Blades    | 3 5 7 9 10 | 10.4
Dodging        | 1 2 |  2.2
Stealth        | 1 |  1.5
Evocations     | |  0.7

Action                   |  1- 3 |  4- 6 |  7- 9 || total
-------------------------+-------+-------+-------++-------
Melee: Long sword        |    89 |   135 |   371 ||   595
       Headbutt          |    15 |    20 |    88 ||   123
Invok: Heroism           |       |     1 |       ||     1
Evoke: Wand              |       |       |     4 ||     4
  Use: Potion            |       |     1 |     1 ||     2
       Scroll            |       |     3 |     9 ||    12
  Eat: Chunk             |       |     6 |    10 ||    16
       Ration            |       |       |     1 ||     1
Armor: Chain mail        |    58 |    84 |   131 ||   273
Dodge: Dodged            |    20 |    49 |    66 ||   135
Block: Shield            |    53 |    75 |   169 ||   297
       Rpst.: Long sword |     6 |     8 |    15 ||    29
